 Dungeon Sprint DCSS version 0.30-a0-949-g53dc5368d7 (webtiles) character file.

Game seed: 11620361334233797743

11800000 BigDaddyOpFi the Intangible (level 27, -30/228 HPs)
             Began as a Djinni Warper on Mar 27, 2023.
             Was the Champion of Makhleb.
             Annihilated by a meat berserker
             ... wielding a +9 battleaxe
              (73 damage)
             ... in the Dungeon (Sprint VIII: "Arena of Blood").
             The game lasted 00:03:15 (118 turns).

BigDaddyOpFi the Intangible (Djinni Warper)          Turns: 118, Time: 00:03:16

Health: -30/228    AC:  6    Str: 10    XL:     27
Gold:   0          EV: 37    Int: 16    God:    Makhleb [******] SH:  0 Dex: 26

rFire   + + .      SeeInvis +    h - +∞ Axe of Woe
rCold   x . .      Faith    .    (shield currently unavailable)
rNeg    . . .      Spirit   .    a - +0 leather armour
rPois   ∞          Reflect  .    (no helmet)
rElec   .          Rampage  .    (no cloak)
rCorr   .          NoTele   +    (no gloves)
Will    ++...                    (boots unavailable)
Stlth   ++++++++++               (no amulet)
HPRegen 0.58/turn                i - ring of see invisible
MPRegen 0.00/turn                (no ring)

@: flying
A: sickness immunity, fire resistance 2, cold vulnerability 1, float, innate
caster, HP casting, extra vitality 1
a: Renounce Religion, Minor Destruction, Lesser Servant of Makhleb, Major
Destruction, Greater Servant of Makhleb


You were in the Dungeon.
You worshipped Makhleb.
Makhleb was exalted by your worship.
You visited 1 branch

Inventory:

Hand Weapons
 h - the +∞ Axe of Woe (weapon)
   (You found it in the Dungeon)
Missiles
 c - 7 boomerangs of dispersal (quivered)
Armour
 a - a +0 leather armour (worn)
Jewellery
 i - a ring of see invisible (left hand)
 j - a +30 ring of slaying
Scrolls
 b - 2 scrolls of blinking
Potions
 d - a potion of curing
 e - a potion of heal wounds
 f - a potion of haste
 g - a potion of berserk rage


   Skills:
 O Level 27 Fighting
 O Level 27 Short Blades
 O Level 27 Long Blades
 O Level 27 Axes
 O Level 27 Maces & Flails
 O Level 27 Polearms
 O Level 27 Staves
 O Level 27 Ranged Weapons
 O Level 27 Throwing
 O Level 27 Armour
 O Level 27 Dodging
 O Level 27 Stealth
 O Level 27 Shields
 O Level 27 Unarmed Combat
 O Level 27 Spellcasting
 O Level 27 Invocations
 O Level 27 Evocations


You knew the following spells:

 Your Spells              Type           Power      Damage    Failure   Level
a - Blink                 Tloc           100%       N/A       0%          2
b - Lesser Beckoning      Tloc           100%       N/A       0%          2
c - Vhi's Electric Charg  Tloc/Air       100%       N/A       0%          3
d - Teleport Other        Tloc           82%        N/A       0%          3
e - Manifold Assault      Tloc           82%        N/A       0%          4
f - Sandblast             Erth           100%       2d20      0%          1
g - Call Imp              Summ           82%        N/A       0%          2
h - Gell's Gravitas       Tloc           82%        N/A       0%          3
i - Animate Dead          Necr           82%        N/A       0%          4
j - Metabolic Englaciati  Hex/Ice        41%        N/A       0%          5
k - Agony                 Necr           82%        N/A       0%          5
l - Dispersal             Tloc           41%        N/A       0%          6
m - Conjure Ball Lightni  Conj/Air       41%        3x3d13    0%          6
n - Summon Hydra          Summ           41%        N/A       1%          7
o - Ozocubu's Refrigerat  Ice            41%        4d16      1%          7
p - Necromutation         Tmut/Necr      41%        N/A       1%          8
q - Lehudib's Crystal Sp  Conj/Erth      41%        10d10     1%          8
r - Shatter               Erth           41%        3d32*     2%          9
Your spell library was empty.

Dungeon Overview and Level Annotations

Branches:
Dungeon (1/1)

Altars:
Makhleb


Innate Abilities, Weirdness & Mutations

You are immune to sickness and miasma.
You are immune to poison.
Your flesh is very heat resistant. (rF++)
You are vulnerable to cold. (rC-)
You float through the air rather than walking.
You learn spells naturally, not from books.
Your magical power is your life essence.
You have superior vitality. (+4 MHP)


Message History

You kill the scourge!
Makhleb accepts your kill.
You feel better.
You hit the bag of meat but do no damage.
You chop the bag of meat into pieces.
You kill the bag of meat!
Makhleb accepts your kill.
You feel better.
You slice the bag of meat!!
You hew the bag of meat savagely.
You kill the bag of meat!
Makhleb accepts your kill.
You feel better.
The large abomination disappears in a puff of smoke! x3
You hear a shout!
The scourge throws poison at you.
The bolt of poison hits the large abomination.
The large abomination completely resists.
The bolt of poison hits you but does no damage.
You resist.
The dread calls on the powers of darkness!
The bag of meat convulses!
The eight-headed meat hydra convulses!
The bag of meat convulses! x2; Your body is wracked with pain!
The meat berserker convulses!
The bag of meat convulses!
The accursed points at you and mumbles some strange words.
Something smites you!
The tyrant mumbles some strange words.
The destroyer points at you and mumbles some strange words.
The destroyer blinks!
You hear a shout!
The observer gazes at you. Something smites you!
You hear a shout! x2
The eight-headed meat hydra calls on the powers of darkness!
The eight-headed meat hydra convulses!
The bag of meat convulses! x5
Your body is wracked with pain!
* * * LOW HITPOINT WARNING * * *
The meat berserker convulses!
The bag of meat convulses!
The observer convulses!
A bag of meat comes into view. It is wielding a +9 war axe.
The meat berserker hits you with a +9 battleaxe!!!!
You die...

.§.....G....).)...#.....
)☼..........))X.§...XX..
§...........))§XXo#op..
..)...#.....).)LSXXW. ..
○.....#.....G)X§XX##X...
○)....###....X.)○§.X.W..
)###............L###....
)._.........Lo.O○M.XX...
...))#.....X.#.#@Wzo....
_.<._#.X...XG.o).Vo.....
..)).#.X.XM.#o#.#W..W...
.._..... ..Xo...


oD..... .###....XpLo.#.# #..#... ......###2O.... M#.... ......# SL X.. ..#. .
......# .... .#... ...... You could see 3 accurseds, 3 tentacled monstrosities,
a meat beast (fast), 4 tyrants, an eight-headed meat hydra, a destroyer, 2
observers, 2 scourges, a fleshlord, a sculptor of flesh, 11 large abominations,
2 dreads, 2 meat berserkers, 2 wretched souls and 9 bags of meat.

Vanquished Creatures
  Sigmund (D)
  11 hell beasts (D)
  Edmund (D)
  4 royal mummies (D)
  4 wraiths (D)
  11 vampire knights (D)
  33 ogres (D)
  9 two-headed ogres (D)
  5 liches (D)
  A hydra (D)
  2 phantoms (D)
  86 orcs (D)
  13 skeletal warriors (D)
  5 sea snakes (D)
186 creatures vanquished.

Vanquished Creatures (others)
  A hydra (D)
  An orc (D)
2 creatures vanquished.

Grand Total: 188 creatures vanquished

Notes
Turn   | Place    | Note
-------+----------+-------------------------------------------
     0 | D        | Found the +∞ Axe of Woe
     0 | D        | BigDaddyOpFi the Djinni Warper began the quest for the Orb.
     0 | D        | BigDaddyOpFi set off with the following spells memorised:
                  | Blink, Lesser Beckoning, Vhi's Electric Charge, Teleport
                  | Other, Manifold Assault.
     0 | D        | Reached XP level 1. HP: 18/18 MP: 0/0
     3 | D        | Noticed a bag of meat
     3 | D        | Noticed a bag of meat
     4 | D        | Became a worshipper of Makhleb the Destroyer
     4 | D        | Noticed a meat berserker
     6 | D        | Noticed a meat berserker
     6 | D        | Noticed a bag of meat
     8 | D        | Killed a meat berserker
     8 | D        | Killed a meat berserker
     8 | D        | Reached * piety under Makhleb
     8 | D        | Noticed a bag of meat
     8 | D        | Noticed a bag of meat
     9 | D        | Reached skill level 10 in Axes
     9 | D        | Reached skill level 10 in Throwing
     9 | D        | Reached XP level 2. HP: 38/38 MP: 0/0
     9 | D        | Reached XP level 3. HP: 43/43 MP: 0/0
     9 | D        | Learned a level 1 spell: Sandblast
     9 | D        | Reached XP level 4. HP: 49/49 MP: 0/0
     9 | D        | Reached XP level 5. HP: 55/55 MP: 0/0
     9 | D        | Learned a level 2 spell: Call Imp
     9 | D        | Reached XP level 6. HP: 61/61 MP: 0/0
     9 | D        | Reached XP level 7. HP: 67/67 MP: 0/0
     9 | D        | Learned a level 3 spell: Gell's Gravitas
     9 | D        | Reached XP level 8. HP: 72/72 MP: 0/0
     9 | D        | Reached XP level 9. HP: 77/77 MP: 0/0
     9 | D        | Learned a level 4 spell: Animate Dead
     9 | D        | Reached XP level 10. HP: 84/84 MP: 0/0
     9 | D        | Reached XP level 11. HP: 89/89 MP: 0/0
     9 | D        | Learned a level 5 spell: Metabolic Englaciation
     9 | D        | Reached XP level 12. HP: 95/95 MP: 0/0
     9 | D        | Reached XP level 13. HP: 101/101 MP: 0/0
     9 | D        | Learned a level 5 spell: Agony
     9 | D        | Killed a bag of meat
    10 | D        | Reached skill level 10 in Spellcasting
    10 | D        | Reached XP level 14. HP: 108/108 MP: 0/0
    10 | D        | Killed a bag of meat
    10 | D        | Noticed a meat berserker
    11 | D        | Killed a bag of meat
    11 | D        | Reached ** piety under Makhleb
    12 | D        | Reached skill level 15 in Dodging
    12 | D        | Killed a bag of meat
    12 | D        | Noticed a bag of meat
    13 | D        | Reached XP level 15. HP: 118/118 MP: 0/0
    13 | D        | Learned a level 6 spell: Dispersal
    15 | D        | Killed a meat berserker
    15 | D        | Reached *** piety under Makhleb
    16 | D        | Reached skill level 15 in Fighting
    16 | D        | Reached skill level 15 in Armour
    16 | D        | Reached skill level 15 in Unarmed Combat
    16 | D        | Reached skill level 15 in Invocations
    17 | D        | Reached XP level 16. HP: 79/128 MP: 0/0
    17 | D        | Noticed a meat berserker
    19 | D        | Reached **** piety under Makhleb
    20 | D        | Reached skill level 15 in Stealth
    20 | D        | Killed a meat berserker
    21 | D        | Reached XP level 17. HP: 136/136 MP: 0/0
    21 | D        | Learned a level 6 spell: Conjure Ball Lightning
    22 | D        | Noticed a large bag of meat
    23 | D        | Reached skill level 15 in Axes
    23 | D        | Reached skill level 15 in Throwing
    23 | D        | Noticed a meat berserker
    23 | D        | Noticed a destroyer
    23 | D        | Reached ***** piety under Makhleb
    23 | D        | Noticed a large bag of meat
    24 | D        | Noticed a destroyer
    24 | D        | Noticed a meat berserker
    25 | D        | Killed a destroyer
    25 | D        | Noticed a meat berserker
    26 | D        | Reached skill level 15 in Spellcasting
    26 | D        | Reached XP level 18. HP: 148/148 MP: 0/0
    26 | D        | Noticed an eight-headed meat hydra
    26 | D        | Killed a meat berserker
    26 | D        | Killed a destroyer
    27 | D        | Reached XP level 19. HP: 158/158 MP: 0/0
    27 | D        | Learned a level 7 spell: Summon Hydra
    27 | D        | Reached ****** piety under Makhleb
    27 | D        | Killed a large bag of meat
    27 | D        | Noticed a large bag of meat
    28 | D        | Killed a meat berserker
    28 | D        | Killed a large bag of meat
    29 | D        | Reached XP level 20. HP: 153/169 MP: 0/0
    29 | D        | Killed a meat berserker
    29 | D        | Noticed a destroyer
    31 | D        | Noticed a meat berserker
    32 | D        | Killed a large bag of meat
    33 | D        | Reached XP level 21. HP: 164/179 MP: 0/0
    33 | D        | Learned a level 7 spell: Ozocubu's Refrigeration
    34 | D        | Noticed a large bag of meat
    34 | D        | Killed an eight-headed meat hydra
    36 | D        | Reached skill level 27 in Dodging
    37 | D        | Killed a destroyer
    38 | D        | Reached XP level 22. HP: 182/191 MP: 0/0
    39 | D        | Killed a meat berserker
    42 | D        | Reached skill level 27 in Fighting
    42 | D        | Reached skill level 27 in Armour
    42 | D        | Reached skill level 27 in Unarmed Combat
    42 | D        | Reached skill level 27 in Invocations
    44 | D        | Reached XP level 23. HP: 201/201 MP: 0/0
    44 | D        | Learned a level 8 spell: Necromutation
    44 | D        | Killed a large bag of meat
    44 | D        | Noticed a large bag of meat
    45 | D        | Reached skill level 27 in Stealth
    46 | D        | Noticed a tyrant
    46 | D        | Noticed an accursed
    46 | D        | Noticed a large bag of meat
    46 | D        | Noticed a destroyer
    46 | D        | Noticed a large bag of meat
    47 | D        | Killed an accursed
    47 | D        | Killed a large bag of meat
    48 | D        | Reached skill level 27 in Axes
    48 | D        | Reached skill level 27 in Throwing
    48 | D        | Reached skill level 27 in Spellcasting
    48 | D        | Reached skill level 10 in Maces & Flails
    48 | D        | Reached skill level 10 in Polearms
    48 | D        | Reached XP level 24. HP: 186/208 MP: 0/0
    48 | D        | Killed a destroyer
    50 | D        | Noticed a tyrant
    51 | D        | Killed a tyrant
    52 | D        | Reached XP level 25. HP: 214/214 MP: 0/0
    52 | D        | Learned a level 8 spell: Lehudib's Crystal Spear
    52 | D        | Noticed an accursed
    54 | D        | Reached skill level 27 in Maces & Flails
    54 | D        | Reached skill level 27 in Polearms
    55 | D        | Killed a tyrant
    56 | D        | Reached XP level 26. HP: 208/221 MP: 0/0
    58 | D        | Killed an accursed
    59 | D        | Reached skill level 27 in Staves
    60 | D        | Killed a large bag of meat
    61 | D        | Reached skill level 10 in Shields
    61 | D        | Reached skill level 10 in Evocations
    62 | D        | Noticed a meat beast
    62 | D        | Noticed a dread
    63 | D        | Killed a large bag of meat
    64 | D        | Killed a dread
    65 | D        | Reached skill level 15 in Short Blades
    65 | D        | Reached skill level 15 in Long Blades
    65 | D        | Reached XP level 27. HP: 222/228 MP: 0/0
    65 | D        | Learned a level 9 spell: Shatter
    66 | D        | Reached skill level 15 in Ranged Weapons
    66 | D        | Killed a meat beast
    74 | D        | Noticed a large bag of meat
    77 | D        | Noticed a tyrant
    78 | D        | Killed a large bag of meat
    79 | D        | Noticed a meat beast
    79 | D        | Noticed a destroyer
    79 | D        | Noticed a meat beast
    79 | D        | Killed a tyrant
    79 | D        | Noticed a meat beast
    79 | D        | Noticed a meat beast
    79 | D        | Noticed a destroyer
    80 | D        | Killed a meat beast
    81 | D        | Reached skill level 27 in Short Blades
    81 | D        | Reached skill level 27 in Long Blades
    81 | D        | Reached skill level 27 in Ranged Weapons
    81 | D        | Reached skill level 27 in Shields
    81 | D        | Reached skill level 27 in Evocations
    82 | D        | Noticed an accursed
    83 | D        | Noticed a destroyer
    84 | D        | Killed a meat beast
    85 | D        | Killed a meat beast
    85 | D        | Killed a meat beast
    87 | D        | Killed a destroyer
    90 | D        | Killed an accursed
    90 | D        | Noticed a tyrant
    90 | D        | Noticed The Defiler
    91 | D        | Killed a destroyer
    92 | D        | Noticed an accursed
    96 | D        | Killed a destroyer
    97 | D        | Noticed a destroyer
    97 | D        | Noticed a tyrant
    97 | D        | Noticed a tyrant
    97 | D        | Noticed a large bag of meat
    97 | D        | Noticed a dread
    97 | D        | Noticed a meat beast
    98 | D        | Noticed a destroyer
    99 | D        | Killed The Defiler
    99 | D        | Noticed a meat beast
   100 | D        | Noticed The Captor
   100 | D        | Noticed a tyrant
   101 | D        | Noticed a meat beast
   102 | D        | Killed an accursed
   102 | D        | HP: 1/228 [tyrant/the air (35)]
   103 | D        | Killed a large bag of meat
   103 | D        | Killed a tyrant
   104 | D        | Killed a destroyer
   105 | D        | Noticed a destroyer
   105 | D        | Noticed a destroyer
   105 | D        | Killed a meat beast
   105 | D        | Killed a tyrant
   105 | D        | Noticed a meat beast
   106 | D        | Killed a meat beast
   106 | D        | Killed The Captor
   107 | D        | Killed a meat beast
   109 | D        | Killed a destroyer
   109 | D        | Killed a destroyer
   109 | D        | Noticed a dread
   110 | D        | Noticed a tyrant
   110 | D        | Noticed a dread
   110 | D        | Noticed a dread
   110 | D        | Noticed a meat beast
   111 | D        | Noticed a meat beast
   111 | D        | Noticed a destroyer
   111 | D        | Noticed an accursed
   111 | D        | Noticed a tyrant
   112 | D        | Killed a dread
   112 | D        | Killed a meat beast
   114 | D        | Noticed a dread
   114 | D        | Noticed a fleshlord
   114 | D        | Noticed an accursed
   114 | D        | Killed a dread
   114 | D        | Killed a meat beast
   114 | D        | Noticed a dread
   115 | D        | Noticed a tyrant
   116 | D        | Killed a meat beast
   117 | D        | Killed a dread
   117 | D        | Killed a destroyer
   118 | D        | Noticed a meat beast
   118 | D        | Noticed a tyrant
   118 | D        | Noticed an accursed
   118 | D        | Annihilated by a meat berserker

Illustrated notes

Levels and vault maps discovered:
D:        meatsprint

Skill      XL: |  1  2  3  4  5  6  7  8  9 10 11 12 13 14 15 16 17 18 19 20 21 22 23 24 25 26 27 |
---------------+----------------------------------------------------------------------------------+-----
Fighting       | 12 14 15 17 19 21 22 24 26 27 | 27.0
Axes           | 10 11 13 14 16 17 19 20 22 24 27 | 27.0
Throwing       | 10 12 13 14 16 18 19 20 22 24 27 | 27.0
Armour         | 12 14 15 17 19 21 22 24 26 27 | 27.0
Dodging        | 13 15 17 18 21 22 24 26 27 | 27.0
Stealth        | 11 13 14 15 18 19 20 22 24 26 27 | 27.0
Unarmed Combat | 12 14 15 17 19 21 22 24 26 27 | 27.0
Spellcasting   | 9 10 11 12 13 15 16 18 19 20 23 27 | 27.0
Invocations    | 12 14 15 17 19 21 22 24 26 27 | 27.0
Maces & Flails | 10 23 27 | 27.0
Polearms       | 10 23 27 | 27.0
Staves         | 24 27 | 27.0
Short Blades   | 15 27 | 27.0
Long Blades    | 15 27 | 27.0
Ranged Weapons | 14 27 | 27.0
Shields        | 17 27 | 27.0
Evocations     | 17 27 | 27.0

Action                     |  1- 3 |  4- 6 |  7- 9 | 10-12 | 13-15 | 16-18 | 19-21 | 22-24 | 25-27 || total
---------------------------+-------+-------+-------+-------+-------+-------+-------+-------+-------++-------
  Melee: Executioner's axe |     1 |       |       |       |     7 |     9 |    11 |    14 |    50 ||    92
   Cast: Vhi's Electric Ch |       |       |       |       |       |     3 |     2 |     3 |     8 ||    16
 Armour: Leather armour    |       |       |       |       |       |       |       |       |     2 ||     2
  Dodge: Dodged            |       |       |       |       |       |       |       |       |    11 ||    11

Table legend: (Time is in decaauts)
 A = Elapsed time spent in this place.
 B = Non-inter-level travel time spent in this place.
 C = Inter-level travel time spent in this place.
 D = Time resting spent in this place.
 E = Time spent auto-exploring this place.
 F = Levels seen in this place.
 G = Mean time per level.
                   A        B        C        D        E       F      G
               +--------+--------+--------+--------+--------+-----+--------+
         Total |    112 |    112 |      0 |      0 |      0 |   1 |  112.0 |
       Dungeon |    112 |    112 |      0 |      0 |      0 |   1 |  112.0 |
               +--------+--------+--------+--------+--------+-----+--------+

Top non-repeatable levels by time:
       D: 112 daAuts
